3L
HARTFORD WHALERS @ CHICAGO HAWKS
05/17/2019
 
TOP OF THE 1ST
Hartford Whalers batting - Pitching for Chicago Hawks : RHP Dave Andrews
Pitching: RHP Dave Andrews
Batting: RHB Félix Rodríguez 0-0: Swinging Strike
0-1: Foul Ball, location: 2F
0-2: Ball
1-2: Ball
2-2: Strikes out swinging
Batting: LHB Bill Burgess 0-0: Ball
1-0: Called Strike
1-1: Ball
2-1: Foul Ball, location: 2F
2-2: Foul Ball, location: 2F
2-2: Foul Ball, location: 2F
2-2: SINGLE (Line Drive, 3D)
Batting: RHB Mike Brown 0-0: Called Strike
0-1: Ball
1-1: Called Strike
1-2: Fly out, F7 (Flyball, 7M)
Batting: LHB Leonardo López 0-0: Foul Ball, location: 2F
0-1: Called Strike
0-2: Strikes out swinging
Top of the 1st over - 0 run(s), 1 hit(s), 0 error(s), 1 left on base; Hartford 0 - Chicago 0
BOTTOM OF THE 1ST
Chicago Hawks batting - Pitching for Hartford Whalers : LHP Orlando Martínez
Pitching: LHP Orlando Martínez
Batting: LHB Motoshige Kitamura 0-0: Ball
1-0: Called Strike
1-1: Called Strike
1-2: Ball
2-2: Ground out 5-3 (Groundball, 56)
Batting: RHB Ed Whitaker 0-0: Foul Ball, location: 2F
0-1: Ball
1-1: Ball
2-1: Fly out, F8 (Flyball, 8LS)
Batting: LHB Mal Wadley 0-0: Foul Ball, location: 2F
0-1: Ball
1-1: Ground out 4-3 (Groundball, 4S)
Bottom of the 1st over - 0 run(s), 0 hit(s), 0 error(s), 0 left on base; Hartford 0 - Chicago 0
TOP OF THE 2ND
Hartford Whalers batting - Pitching for Chicago Hawks : RHP Dave Andrews
Batting: LHB Frank Parks 0-0: Ball
1-0: Ball
2-0: Called Strike
2-1: Foul Ball, location: 2F
2-2: Ball
3-2: SINGLE (Line Drive, 9LS)
Batting: LHB César Durán 0-0: Ball
1-0: Ball
2-0: Foul Ball, location: 2F
2-1: Grounds into double play, 1-6-3 (Groundball, 13)
Batting: RHB Roberto Ramírez 0-0: Fly out, F8 (Flyball, 78M)
Top of the 2nd over - 0 run(s), 1 hit(s), 0 error(s), 0 left on base; Hartford 0 - Chicago 0
BOTTOM OF THE 2ND
Chicago Hawks batting - Pitching for Hartford Whalers : LHP Orlando Martínez
Batting: RHB Bryan Manning 0-0: Ball
1-0: Swinging Strike
1-1: Fly out, F8 (Flyball, 8RXD)
Batting: RHB Joe Guy 0-0: Ball
1-0: Ball
2-0: Called Strike
2-1: Ball
3-1: Ground out 5-3 (Groundball, 56)
Batting: RHB Ji-chol Yang 0-0: Ball
1-0: Ball
2-0: Foul Ball, location: 2F
2-1: Ball
3-1: Base on Balls
Batting: RHB Ted Young 0-0: Ball
1-0: Ball
2-0: SINGLE (Line Drive, 56D)
Ji-chol Yang to second
Batting: RHB Steve Ormston 0-0: Ball
1-0: Ball
2-0: Foul Ball, location: 2F
2-1: 3-RUN HOME RUN (Line Drive, 7D), Distance : 368 ft
Batting: RHB Dave Andrews 0-0: Called Strike
0-1: Ball
1-1: Called Strike
1-2: Ball
2-2: Ground out 6-3 (Groundball, 6)
Bottom of the 2nd over - 3 run(s), 2 hit(s), 0 error(s), 0 left on base; Hartford 0 - Chicago 3
TOP OF THE 3RD
Hartford Whalers batting - Pitching for Chicago Hawks : RHP Dave Andrews
Batting: LHB Norm Ortega 0-0: Called Strike
0-1: Ball
1-1: Fly out, F7 (Flyball, 7LMF)
Batting: LHB Orlando Martínez 0-0: Called Strike
0-1: Ball
1-1: Swinging Strike
1-2: Ball
2-2: Strikes out swinging wild pitch, reaches first!
Batting: RHB Félix Rodríguez 0-0: Called Strike
0-1: Foul Ball, location: 2F
0-2: Ball
1-2: Ball
2-2: Strikes out looking
Batting: LHB Bill Burgess 0-0: Called Strike
0-1: Ball
1-1: Foul Ball, location: 2F
1-2: Ball
2-2: SINGLE (Flyball, 8RS)
Orlando Martínez to second
Batting: RHB Mike Brown 0-0: Swinging Strike
0-1: Ball
1-1: Ball
2-1: Called Strike
2-2: Fly out, F7 (Flyball, 78D)
Top of the 3rd over - 0 run(s), 1 hit(s), 0 error(s), 2 left on base; Hartford 0 - Chicago 3
BOTTOM OF THE 3RD
Chicago Hawks batting - Pitching for Hartford Whalers : LHP Orlando Martínez
Batting: LHB Motoshige Kitamura 0-0: SINGLE (Groundball, 34D)
Batting: RHB Ed Whitaker 0-0: Called Strike
0-1: Fly out, F8 (Line Drive, 8RM)
Batting: LHB Mal Wadley 0-0: Called Strike
0-1: Ball
1-1: Foul Ball, location: 2F
1-2: Ball
2-2: Ball
3-2: Foul Ball, location: 2F
3-2: Base on Balls
Motoshige Kitamura to second
Batting: RHB Bryan Manning 0-0: Called Strike
0-1: Called Strike
0-2: Grounds into double play, 6-4-3 (Groundball, 6M)
Bottom of the 3rd over - 0 run(s), 1 hit(s), 0 error(s), 1 left on base; Hartford 0 - Chicago 3
TOP OF THE 4TH
Hartford Whalers batting - Pitching for Chicago Hawks : RHP Dave Andrews
Batting: LHB Leonardo López 0-0: Called Strike
0-1: Foul Ball, location: 2F
0-2: Ball
1-2: Foul Ball, location: 2F
1-2: Ball
2-2: Ball
3-2: SINGLE (Groundball, 34D) (infield hit)
Batting: LHB Frank Parks 0-0: Ball
1-0: Called Strike
1-1: Ball
2-1: Foul Ball, location: 2F
2-2: Foul Ball, location: 2F
2-2: Strikes out looking
Batting: LHB César Durán 0-0: Ball
Leonardo López is caught stealing 2nd base
1-0: Ball
2-0: DOUBLE (Groundball, 3D)
Batting: RHB Roberto Ramírez 0-0: Called Strike
0-1: Ground out 6-3 (Groundball, 6)
Top of the 4th over - 0 run(s), 2 hit(s), 0 error(s), 1 left on base; Hartford 0 - Chicago 3
BOTTOM OF THE 4TH
Chicago Hawks batting - Pitching for Hartford Whalers : LHP Orlando Martínez
Batting: RHB Joe Guy 0-0: Ground out 6-3 (Groundball, 6)
Batting: RHB Ji-chol Yang 0-0: Called Strike
0-1: Ball
1-1: Swinging Strike
1-2: Ball
2-2: Ball
3-2: Foul Ball, location: 2F
3-2: Strikes out looking
Batting: RHB Ted Young 0-0: Called Strike
0-1: Swinging Strike
0-2: Strikes out swinging
Bottom of the 4th over - 0 run(s), 0 hit(s), 0 error(s), 0 left on base; Hartford 0 - Chicago 3
TOP OF THE 5TH
Hartford Whalers batting - Pitching for Chicago Hawks : RHP Dave Andrews
Batting: LHB Norm Ortega 0-0: Swinging Strike
0-1: Called Strike
0-2: Ball
1-2: Foul Ball, location: 2F
1-2: Strikes out looking
Batting: LHB Orlando Martínez 0-0: Called Strike
0-1: Ball
1-1: Swinging Strike
1-2: Ball
2-2: Strikes out swinging
Batting: RHB Félix Rodríguez 0-0: Ball
1-0: Ball
2-0: Called Strike
2-1: Foul Ball, location: 2F
2-2: Ground out 6-3 (Groundball, 6)
Top of the 5th over - 0 run(s), 0 hit(s), 0 error(s), 0 left on base; Hartford 0 - Chicago 3
BOTTOM OF THE 5TH
Chicago Hawks batting - Pitching for Hartford Whalers : LHP Orlando Martínez
Batting: RHB Steve Ormston 0-0: Ball
1-0: Ball
2-0: SINGLE (Popup, 89S)
Batting: RHB Dave Andrews 0-0: Bunted foul
0-1: Bunted foul
0-2: Sac Bunt - play at first, batter OUT! 5-4
Steve Ormston to second
Batting: LHB Motoshige Kitamura 0-0: Ball
1-0: Called Strike
1-1: Swinging Strike
1-2: Ground out U3 (Groundball, 3L)
Steve Ormston to third
Batting: RHB Ed Whitaker 0-0: Ball
1-0: Ball
2-0: Ground out 5-3 (Groundball, 56S)
Bottom of the 5th over - 0 run(s), 1 hit(s), 0 error(s), 1 left on base; Hartford 0 - Chicago 3
TOP OF THE 6TH
Hartford Whalers batting - Pitching for Chicago Hawks : RHP Dave Andrews
Batting: LHB Bill Burgess 0-0: Called Strike
0-1: Ground out 6-3 (Groundball, 6)
Batting: RHB Mike Brown 0-0: SINGLE (Groundball, 56D)
Batting: LHB Leonardo López 0-0: Called Strike
0-1: Ball
1-1: Foul Ball, location: 2F
1-2: Ball
2-2: Foul Ball, location: 2F
2-2: Foul Ball, location: 2F
2-2: Ball
3-2: Base on Balls
Mike Brown to second
Batting: LHB Frank Parks 0-0: Foul Ball, location: 2F
0-1: Fly out, F5 (Popup, 5S)
Batting: LHB César Durán 0-0: Ball
1-0: Ball
2-0: Called Strike
2-1: Foul Ball, location: 2F
2-2: Strikes out swinging
Top of the 6th over - 0 run(s), 1 hit(s), 0 error(s), 2 left on base; Hartford 0 - Chicago 3
BOTTOM OF THE 6TH
Chicago Hawks batting - Pitching for Hartford Whalers : LHP Orlando Martínez
Batting: LHB Mal Wadley 0-0: Foul Ball, location: 2F
0-1: Ball
1-1: Ball
2-1: Called Strike
2-2: Ground out 4-3 (Groundball, 4)
Batting: RHB Bryan Manning 0-0: Called Strike
0-1: Ball
1-1: Ball
2-1: Ground out 6-3 (Groundball, 6)
Batting: RHB Joe Guy 0-0: Ball
1-0: Foul Ball, location: 2F
1-1: Ball
2-1: Ball
3-1: Foul Ball, location: 2F
3-2: Foul Ball, location: 2F
3-2: DOUBLE (Flyball, 7LS)
Batting: RHB Ji-chol Yang 0-0: Foul Ball, location: 2F
0-1: Ball
1-1: Ball
2-1: Called Strike
2-2: SINGLE (Line Drive, 89S)
Joe Guy to third
Batting: RHB Ted Young 0-0: Called Strike
0-1: SINGLE (Groundball, 56D)
Joe Guy scores
Ji-chol Yang to second
Batting: RHB Steve Ormston 0-0: Ball
1-0: 3-RUN HOME RUN (Flyball, 9D), Distance : 360 ft
Pitching: LHP Jesús Cantú
Batting: RHB Dave Andrews 0-0: Foul Ball, location: 2F
0-1: Swinging Strike
0-2: Foul Ball, location: 2F
0-2: SINGLE (Line Drive, 89S)
Batting: LHB Motoshige Kitamura 0-0: Swinging Strike
0-1: Ball
1-1: Called Strike
1-2: Ball
2-2: Strikes out looking
Bottom of the 6th over - 4 run(s), 5 hit(s), 0 error(s), 1 left on base; Hartford 0 - Chicago 7
TOP OF THE 7TH
Hartford Whalers batting - Pitching for Chicago Hawks : RHP Dave Andrews
Now at 1B: Bobby Moore
Batting: RHB Roberto Ramírez 0-0: Called Strike
0-1: Ball
1-1: Ball
2-1: Foul Ball, location: 2F
2-2: Foul Ball, location: 2F
2-2: Strikes out swinging
Batting: LHB Norm Ortega 0-0: Foul Ball, location: 2F
0-1: Swinging Strike
0-2: Fly out, F6 (Popup, 6MD)
Pinch Hitting: RHB Michael Collins 0-0: Swinging Strike
0-1: Called Strike
0-2: Ball
1-2: Ball
2-2: Foul Ball, location: 2F
2-2: Ball
3-2: Foul Ball, location: 2F
3-2: Base on Balls
Batting: RHB Félix Rodríguez 0-0: Called Strike
0-1: Swinging Strike
0-2: Ball
Michael Collins steals 2nd base
1-2: Ball
2-2: Foul Ball, location: 2F
2-2: Strikes out swinging
Top of the 7th over - 0 run(s), 0 hit(s), 0 error(s), 1 left on base; Hartford 0 - Chicago 7
BOTTOM OF THE 7TH
Chicago Hawks batting - Pitching for Hartford Whalers : LHP Jesús Cantú
Pitching: RHP Iván Cordero
Batting: RHB Ed Whitaker 0-0: Ball
1-0: Called Strike
1-1: Swinging Strike
1-2: Ball
2-2: Ball
3-2: Foul Ball, location: 2F
3-2: Fly out, F8 (Flyball, 89S)
Batting: LHB Mal Wadley 0-0: Called Strike
0-1: Swinging Strike
0-2: Foul Ball, location: 2F
0-2: Ball
1-2: Strikes out swinging
Batting: LHB Bobby Moore 0-0: Foul Ball, location: 2F
0-1: Called Strike
0-2: Foul Ball, location: 2F
0-2: Ball
1-2: SOLO HOME RUN (Flyball, 9LD), Distance : 336 ft
Batting: RHB Joe Guy 0-0: Called Strike
0-1: Called Strike
0-2: Ball
1-2: Fly out, F8 (Flyball, 8LM)
Bottom of the 7th over - 1 run(s), 1 hit(s), 0 error(s), 0 left on base; Hartford 0 - Chicago 8
TOP OF THE 8TH
Hartford Whalers batting - Pitching for Chicago Hawks : RHP Dave Andrews
Batting: LHB Bill Burgess 0-0: Ball
1-0: Ball
2-0: Ball
3-0: Base on Balls
Batting: RHB Mike Brown 0-0: Ball
1-0: Ball
2-0: SINGLE (Flyball, 78S)
Bill Burgess to second
Pitching: LHP Tim Powell
Batting: LHB Leonardo López 0-0: Called Strike
0-1: Swinging Strike
0-2: Ball
1-2: Strikes out swinging
Batting: LHB Frank Parks 0-0: Called Strike
0-1: Foul Ball, location: 2F
0-2: SINGLE (Groundball, 56D)
Bill Burgess to third
Mike Brown to second
Runner from 3rd tries for Home, SAFE, throw made at trailing runner, SAFE at third!
Batting: LHB César Durán 0-0: Ball
1-0: Called Strike
1-1: Grounds into double play, 6-4-3 (Groundball, 6)
Top of the 8th over - 1 run(s), 2 hit(s), 0 error(s), 1 left on base; Hartford 1 - Chicago 8
BOTTOM OF THE 8TH
Chicago Hawks batting - Pitching for Hartford Whalers : RHP Iván Cordero
Batting: RHB Ji-chol Yang 0-0: Called Strike
0-1: Swinging Strike
0-2: Ground out 4-3 (Groundball, 4M)
Batting: RHB Ted Young 0-0: Called Strike
0-1: Ball
1-1: Foul Ball, location: 2F
1-2: Ball
2-2: Foul Ball, location: 2F
2-2: Ball
3-2: Foul Ball, location: 2F
3-2: Strikes out swinging
Batting: RHB Steve Ormston 0-0: Ball
1-0: Called Strike
1-1: Ball
2-1: Foul Ball, location: 2F
2-2: Ball
3-2: Foul Ball, location: 2F
3-2: Foul Ball, location: 2F
3-2: Base on Balls
Pitching: RHP Juan Hernández
Pinch Hitting: SHB Esteban Márquez 0-0: Foul Ball, location: 2F
0-1: Fly out, F5 (Popup, 25)
Bottom of the 8th over - 0 run(s), 0 hit(s), 0 error(s), 1 left on base; Hartford 1 - Chicago 8
TOP OF THE 9TH
Hartford Whalers batting - Pitching for Chicago Hawks : LHP Tim Powell
Pitching: RHP Jim Dixon
Batting: RHB Roberto Ramírez 0-0: Ball
1-0: Ball
2-0: Called Strike
2-1: Ball
3-1: Base on Balls
Batting: LHB Norm Ortega 0-0: Ball
1-0: Fly out, F9 (Flyball, 9M)
Pinch Hitting: RHB Dave O'Day 0-0: Ball
1-0: Foul Ball, location: 2F
1-1: Foul Ball, location: 2F
1-2: Strikes out swinging
Batting: RHB Félix Rodríguez 0-0: Called Strike
0-1: Ball
1-1: SINGLE (Line Drive, 7S)
Roberto Ramírez to second
Batting: LHB Bill Burgess 0-0: Ball
1-0: Ball
2-0: Ball
3-0: Base on Balls
Roberto Ramírez to third
Félix Rodríguez to second
Batting: RHB Mike Brown 0-0: Ball
1-0: Foul Ball, location: 2F
1-1: Foul Ball, location: 2F
1-2: Strikes out swinging
Top of the 9th over - 0 run(s), 1 hit(s), 0 error(s), 3 left on base; Hartford 1 - Chicago 8
This league is powered by Out of the Park Baseball, the baseball management simulation game for PC, Mac and Linux
Saturday, July 25th, 2015 - OOTP Baseball 15.6 Build 34